 Dungeon Crawl Stone Soup version 0.30-a0-29-g142975f185 (webtiles) character file.

Game seed: 16957667519605048071

330 timneilson the Shield-Bearer (level 6, -3/38 HPs)
             Began as a Gargoyle Fighter on Aug 27, 2022.
             Slain by a gnoll
             ... wielding a +0 spear
              (5 damage)
             ... on level 4 of the Dungeon.
             The game lasted 00:06:02 (4602 turns).

timneilson the Shield-Bearer (Gargoyle Fighter)     Turns: 4602, Time: 00:06:03

Health: -3/38      AC: 17    Str: 26    XL:     6   Next: 51%
Magic:  6/6        EV: 10    Int:  9    God:
Gold:   99         SH:  4    Dex:  9    Spells: 5/5 levels left

rFire   . . .      SeeInvis .    a - +0 long sword
rCold   . . .      Faith    .    c - +0 buckler
rNeg    + + .      Spirit   .    b - +0 scale mail
rPois   ∞          Reflect  .    m - +0 helmet of Afeptonai {-Cast Rampage Str+5}
rElec   +          Harm     .    (no cloak)
rCorr   .          Rampage  +    g - +0 pair of gloves
Will    .....      NoCast   +    f - +2 pair of boots
Stlth   ..........               (no amulet)
HPRegen 0.12/turn                o - ring of positive energy
MPRegen 0.10/turn                (no ring)

@: no status effects
A: sickness immunity, AC +4, negative energy resistance 1, electricity
resistance, torment resistance 1, petrification resistance
a: no special abilities


You were on level 4 of the Dungeon.
You visited 1 branch of the dungeon, and saw 4 of its levels.

You collected 99 gold pieces.

Inventory:

Hand Weapons
 a - a +0 long sword (weapon)
Armour
 b - a +0 scale mail (worn)
 c - a +0 buckler (worn)
 f - a +2 pair of boots (worn)
 g - a +0 pair of gloves (worn)
 m - the +0 helmet of Afeptonai (worn) {-Cast Rampage Str+5}
   (You took it off Robin on level 2 of the Dungeon)

   Str:       It affects your strength (+5).
   -Cast:     It prevents spellcasting.
   Rampage:   It bestows one free step when moving towards enemies.
Jewellery
 o - a ring of positive energy (left hand)
Wands
 q - a wand of polymorph (11)
Scrolls
 h - a scroll of vulnerability {unknown}
 i - a scroll of identify
 p - a scroll of summoning {unknown}
Potions
 d - 3 potions of might
 e - a potion of haste {unknown}
 j - a potion of cancellation {unknown}
 k - a potion of attraction {unknown}
 l - 2 potions of magic {unknown}
 n - a potion of ambrosia {unknown}


   Skills:
 + Level 4.0 Fighting
 * Level 3.3 Long Blades
 * Level 4.8 Armour
 + Level 1.3 Dodging
 * Level 4.9 Shields
 + Level 0.1 Evocations


You had 5 spell levels left.
You didn't know any spells.
Your spell library contained the following spells:

 Spells                   Type           Power      Damage    Failure   Level
 Freeze                   Ice            0%         1d3       75%         1
 Slow                     Hex            0%         N/A       75%         1
 Confusing Touch          Hex            0%         N/A       98%         3
 Frozen Ramparts          Ice            0%         1d1       98%         3
 Vampiric Draining        Necr           0%         2d6       98%         3
 Hailstorm                Conj/Ice       0%         3d3       100%        4


Dungeon Overview and Level Annotations

Branches:
Dungeon (4/15)
 Temple: D:4-7

Altars:
Cheibriados
Sif Muna
Xom

Shops:
D:1 :


Innate Abilities, Weirdness & Mutations

You are immune to sickness and miasma.
Your stone body is resilient. (AC +4)
You are immune to poison.
You resist negative energy. (rN+)
You are resistant to electric shocks. (rElec)
You are resistant to unholy torment.
You are immune to petrification.


Message History

The gnoll is lightly wounded.
The gnoll closely misses you. You block the gnoll's attack.
You hit the gnoll but do no damage.
The gnoll is lightly wounded.
The gnoll hits you but does no damage. The gnoll closely misses you.
You closely miss the gnoll.
The gnoll is lightly wounded.
You block the gnoll's attack. The gnoll hits you but does no damage.
You slash the gnoll!
The gnoll is almost dead.
The gnoll hits you but does no damage. x4
You closely miss the gnoll.
The gnoll is almost dead.
The gnoll closely misses you. The gnoll hits you with a +0 flail.
You hit the gnoll but do no damage.
The gnoll is almost dead.
You block the gnoll's attack. The gnoll hits you but does no damage.
You barely miss the gnoll.
The gnoll is almost dead.
The gnoll hits you but does no damage. The gnoll hits you with a +0 flail.
The gnoll barely misses you. The gnoll hits you with a +0 flail.
* * * LOW HITPOINT WARNING * * *
You completely miss the gnoll.
The gnoll is almost dead.
The gnoll closely misses you. The gnoll hits you with a +0 flail.
* * * LOW HITPOINT WARNING * * *
You barely miss the gnoll.
The gnoll is almost dead.
The gnoll closely misses you. The gnoll hits you with a +0 flail.
* * * LOW HITPOINT WARNING * * *
You slash the gnoll!
You kill the gnoll!
The gnoll barely misses you.
You rampage towards the gnoll!
You closely miss the gnoll. You block the gnoll's attack.
The gnoll barely misses you.
You barely miss the gnoll. The gnoll barely misses you.
You hit the gnoll.
The gnoll is lightly wounded.
The gnoll hits you with a +0 spear.
You die...

'.##.....# #......####..[........
####.....# #.........#.........##
# #.....# #.........##)#####'## #
#.....# #.........'....>##.#
####.....#######.....'####.##.###
.........#....[..........#..#....
<#########.#####...(.....##.#####
.# #....# #.###.....#.......
#######.#### #@####..#.########
........# #g................
........# #..###...#########
........###### #............# #
.............# ##...##..###.#####
.............# #.................
.............###.......####)#....
##########..................#....
#..........#########....


You could see a gnoll.

Vanquished Creatures
  A centaur (D:3)
  A hound (D:4)
  An orc wizard (D:4)
  Robin (D:2)
  3 gnolls (D:4)
  5 adders
  A worm (D:2)
  4 dart slugs
  4 orcs
  9 bats
  9 endoplasms
  6 giant cockroaches
  16 goblins
  9 hobgoblins
  A jackal (D:3)
  2 quokkas
  6 ball pythons
  4 frilled lizards
  6 kobolds
  3 rats
92 creatures vanquished.

Notes
Turn   | Place    | Note
-------+----------+-------------------------------------------
     0 | D:1      | timneilson the Gargoyle Fighter began the quest for the
                  | Orb.
     0 | D:1      | Reached XP level 1. HP: 14/14 MP: 1/1
   222 | D:1      | Found Buin's Book Shop.
   311 | D:1      | Reached XP level 2. HP: 13/19 MP: 2/2
  1019 | D:1      | Reached XP level 3. HP: 22/23 MP: 3/3
  1155 | D:2      | Found a shimmering altar of Xom.
  1716 | D:2      | Reached XP level 4. HP: 25/28 MP: 4/4
  1747 | D:2      | Found a faded altar of an unknown god.
  2242 | D:2      | Identified the +0 helmet of Afeptonai {-Cast Rampage Str+5}
  2242 | D:2      | Noticed Robin
  2295 | D:2      | Killed Robin
  3148 | D:3      | Reached XP level 5. HP: 33/33 MP: 5/5
  3243 | D:3      | Noticed a centaur
  3253 | D:3      | Killed a centaur
  3254 | D:3      | Reached skill level 1 in Dodging
  3361 | D:3      | Reached XP level 6. HP: 25/38 MP: 6/6
  4461 | D:4      | Found a shimmering blue altar of Sif Muna.
  4461 | D:4      | Found a snail-covered altar of Cheibriados.
  4602 | D:4      | Slain by a gnoll

Illustrated notes

Levels and vault maps discovered:
D:1:      dpeg_arrival_concentric_ovals, layout_basic, serial_shops, shop,
          corexii_leaking_fountain
D:2:      layout_basic, chequers_ecumenical_altar_simple, basic_altar,
          grunt_decor_arrowhead, uniq_robin
D:3:      minmay_diamond_boxcup, layout_basic
D:4:      layout_basic, gammafunk_temple_overflow_wave

Skill      XL: |  1  2  3  4  5  6 |
---------------+-------------------+-----
Long Blades    | 2 3 |  3.3
Armour         | 4 |  4.8
Shields        | 4 |  4.9
Dodging        | 1 |  1.3
Fighting       | 4 |  4.0
Evocations     | |  0.1

Action                   |  1- 3 |  4- 6 || total
-------------------------+-------+-------++-------
Melee: Long sword        |   131 |   280 ||   411
  Use: Scroll            |     3 |     3 ||     6
       Potion            |       |     3 ||     3
Armor: Scale mail        |   107 |   243 ||   350
Dodge: Dodged            |    72 |   193 ||   265
Block: Buckler           |    43 |    77 ||   120

Table legend: (Time is in decaauts)
 A = Elapsed time spent in this place.
 B = Non-inter-level travel time spent in this place.
 C = Inter-level travel time spent in this place.
 D = Time resting spent in this place.
 E = Time spent auto-exploring this place.
 F = Levels seen in this place.
 G = Mean time per level.
                   A        B        C        D        E       F      G
               +--------+--------+--------+--------+--------+-----+--------+
         Total |   4727 |   4665 |     62 |    145 |   3639 |   4 | 1181.8 |
       Dungeon |   4727 |   4665 |     62 |    145 |   3639 |   4 | 1181.8 |
               +--------+--------+--------+--------+--------+-----+--------+

Top non-repeatable levels by time:
     D:2: 1676 daAuts
     D:1: 1086 daAuts
     D:3: 1030 daAuts
     D:4: 934 daAuts
